 Dungeon Crawl Stone Soup version 0.18.1-50-g88ac8fd (webtiles) character file.

65 lorenzova the Skirmisher (level 4, -4/37 HPs)
             Began as a Merfolk Skald on Oct 18, 2016.
             Slain by Crazy Yiuf
             ... wielding a +2 quarterstaff of chaos
              (8 damage)
             ... on level 2 of the Dungeon.
             The game lasted 00:02:21 (1275 turns).

lorenzova the Skirmisher (Merfolk Skald)            Turns: 1275, Time: 00:02:22

Health: -4/37      AC:  3    Str: 13    XL:     4   Next: 14%
Magic:  6/7        EV: 12    Int: 11    God:
Gold:   49         SH:  0    Dex: 13    Spells: 2 memorised, 4 levels left

rFire  . . .     SeeInvis .     a - +0 spear
rCold  . . .     Gourm    .     b - +0 leather armour
rNeg   . . .     Faith    .     (no shield)
rPois  .         Spirit   .     (no helmet)
rElec  .         Dismiss  .     (no cloak)
rCorr  .         Reflect  .     (no gloves)
SustAt .         Harm     .     (no boots)
MR     .....                    (no amulet)
Stlth  +.........               (no ring)
                                (no ring)

@: infused, drained, not resistant to hostile enchantments, very unstealthy
A: change form in water, swift swim
a: no special abilities


You were on level 2 of the Dungeon.
You were hungry.

You visited 1 branch of the dungeon, and saw 2 of its levels.

You collected 49 gold pieces.

Inventory:

Hand Weapons
 a - a +0 spear (weapon)
Armour
 b - a +0 leather armour (worn)
 i - an ice dragon hide
 m - a +0 scale mail
Scrolls
 e - a scroll of fear {unknown}
 h - a scroll of blinking {unknown}
 j - a scroll of teleportation {unknown}
 l - a scroll of identify {unknown}
 n - a scroll of magic mapping {unknown}
 o - a scroll of recharging {unknown}
Potions
 f - 3 potions of curing {unknown}
 g - 2 potions of cure mutation {unknown}
Books
 c - a book of Battle

   Spells                             Type                      Level
   a - Infusion                       Charms                       1
   b - Shroud of Golubria             Charms/Translocation         2
   c - Song of Slaying                Charms                       2
   d - Spectral Weapon                Hexes/Charms                 3
   e - Regeneration                   Charms/Necromancy            3
Comestibles
 d - 2 bread rations
 k - a chunk of flesh


   Skills:
 + Level 3.8(3.4) Fighting
 - Level 3.0(2.6) Polearms
 - Level 0.6(0.2) Armour
 + Level 3.4(3.0) Dodging
 - Level 2.0(1.6) Spellcasting
 - Level 3.2(2.9) Charms


You had 4 spell levels left.
You knew the following spells:

 Your Spells              Type           Power        Failure   Level  Hunger
a - Infusion              Chrm           #...         14%         1    ##.....
b - Song of Slaying       Chrm           #.......     21%         2    ###....


Dungeon Overview and Level Annotations

Branches:
Dungeon (2/15)

Altars:

Annotations:
D:2 Crazy Yiuf


Message History

Casting: Infusion
Confirm with . or Enter, or press ? or * to list all spells.
You begin infusing your attacks with magical energy.
Crazy Yiuf hits you with a quarterstaff of chaos!
Crazy Yiuf burns you.
You hit Crazy Yiuf.
Crazy Yiuf is moderately wounded.
Crazy Yiuf hits you with a quarterstaff of chaos!
You feel drained.
You are feeling hungry.
You completely miss Crazy Yiuf.
Crazy Yiuf is moderately wounded.
Crazy Yiuf hits you with a quarterstaff of chaos!
* * * LOW HITPOINT WARNING * * *
Crazy Yiuf freezes you.
* * * LOW HITPOINT WARNING * * *
You closely miss Crazy Yiuf.
Crazy Yiuf is moderately wounded.
Crazy Yiuf hits you with a quarterstaff of chaos!
You die...

###########.
#. #. ....
#.... ......
...... ##+##
#.#### #.@.#
## #.g.#
#)..# #####


You could see Crazy Yiuf.

Vanquished Creatures
  2 adders
  An ooze (D:1)
  2 dart slugs (D:1)
  2 giant geckos (D:1)
  5 bats
  A giant cockroach (D:1)
  3 goblins (D:1)
  5 hobgoblins (D:1)
  3 jackals (D:1)
  5 kobolds (D:1)
  3 giant newts (D:1)
  4 rats (D:1)
36 creatures vanquished.

Notes
Turn   | Place    | Note
--------------------------------------------------------------
     0 | D:1      | lorenzova the Merfolk Skald began the quest for the Orb.
     0 | D:1      | Reached XP level 1. HP: 16/16 MP: 3/3
    87 | D:1      | Reached XP level 2. HP: 16/23 MP: 5/5
    91 | D:1      | Learned a level 2 spell: Song of Slaying
   236 | D:1      | Reached XP level 3. HP: 22/29 MP: 6/6
  1144 | D:2      | Reached XP level 4. HP: 35/37 MP: 1/7
  1271 | D:2      | Noticed Crazy Yiuf
  1275 | D:2      | Slain by Crazy Yiuf

Skill      XL: |  1  2  3 |
---------------+----------+-----
Dodging        | 2 3 |  3.4
Fighting       | 3 |  3.8
Polearms       | |  3.0
Armour         | |  0.6
Spellcasting   | |  2.0
Charms         | |  3.2

Action                   |  1- 3 |  4- 6 || total
-------------------------+-------+-------++-------
Melee: Spear             |   143 |     5 ||   148
 Cast: Infusion          |     3 |     1 ||     4
       Song of Slaying   |     1 |       ||     1
  Eat: Chunk             |       |     1 ||     1
Armor: Leather armour    |    34 |     1 ||    35
Dodge: Dodged            |    71 |       ||    71
